 Dungeon Crawl Stone Soup version 0.22-a0-3-g4fa69d9 (webtiles) character file.

211034 tidbits the Epochal (level 18, 0/182 HPs)
             Began as a Gnoll Necromancer on Jan 1, 2018.
             Was an Elder of Cheibriados.
             Slain by an azure jelly (20 damage)
             ... on level 5 of the Pits of Slime.
             The game lasted 03:09:13 (9972 turns).

tidbits the Epochal (Gnoll Necromancer)             Turns: 9972, Time: 03:09:14

Health: 0/182      AC: 32    Str: 22    XL:     18   Next: 36%
Magic:  3/31       EV: 25    Int: 33    God:    Cheibriados [****..]
Gold:   1806       SH: 10    Dex: 25    Spells: 6/42 levels left

rFire    + . .     SeeInvis +     - Unarmed
rCold    + . .     Gourm    .   D - +2 buckler
rNeg     + . .     Faith    +   (armour currently unavailable)
rPois    ∞         Spirit   .   E - +2 helmet {SInv}
rElec    +         Reflect  .   C - scarf {rC+ rF+}
rCorr    +         Harm     .   (gloves currently unavailable)
MR       +....                  (boots currently unavailable)
Stlth    ++++++....             j - amulet of faith
HPRegen  0.40/turn              K - ring of resist corrosion
MPRegen  0.22/turn              W - ring of wizardry

@: mighty, statue-form, very slow
A: distributed training, fangs 1, low mp 1, weak 2, strong nose
}: 2/15 runes: decaying, gossamer
a: End Transformation, Bend Time, Temporal Distortion, Slouch, Renounce Religion


You were on level 5 of the Pits of Slime.
You worshipped Cheibriados.
Cheibriados was greatly pleased with you.
You were not hungry.
You were a stone statue.
You visited 8 branches of the dungeon, and saw 38 of its levels.
You also visited: Labyrinth, Sewer, Ossuary and Bailey.

You collected 4392 gold pieces.
You spent 2586 gold pieces at shops.

Inventory:

Hand Weapons
 a - a +2 war axe of flaming
   (You found it on level 8 of the Dungeon)
 k - the +12 morningstar of Youthful Indiscretion {freeze, Str+6 Int-2 Dex+5}
   (You found it in a labyrinth)

   It has been specially enchanted to freeze those struck by it, causing extra
   injury to most foes and up to half again as much damage against particularly
   susceptible opponents.
   It can also slow down cold-blooded creatures.
   It affects your strength (+6).
   It affects your intelligence (-2).
   It affects your dexterity (+5).
 H - the +0 dagger of Distant Worlds {holy, rElec rC+ Int+3 Dex+3}
   (You found it on level 1 of the Lair of Beasts)

   It has been blessed by the Shining One to cause great damage to the undead
   and demons.
   It affects your intelligence (+3).
   It affects your dexterity (+3).
   It protects you from cold.
   It insulates you from electricity.
Missiles
 f - 46 tomahawks of returning (quivered)
 g - 130 arrows
 A - 4 throwing nets {!f}
Armour
 B - a +4 troll leather armour (melded)
 C - a scarf of resistance (worn)
   (You bought it in a shop on level 2 of the Orcish Mines)
 D - a +2 buckler (worn)
 E - a +2 helmet of see invisible (worn)
   (You bought it in a shop on level 2 of the Orcish Mines)
 F - a +0 pair of boots (melded)
 G - a +0 pair of gloves (melded)
Jewellery
 j - an amulet of faith (around neck)
   (You found it in a labyrinth)
 w - an uncursed ring of flight
   (You found it in a labyrinth)
 K - a ring of resist corrosion (left hand)
   (You found it on level 11 of the Dungeon)
 U - a +3 ring of protection
   (You found it on level 6 of the Dungeon)
 W - a ring of wizardry (right hand)
   (You bought it in a shop on level 5 of the Dungeon)
Wands
 d - a wand of digging (5)
 o - a wand of disintegration (10)
 p - a wand of paralysis (2)
 R - a wand of iceblast (14)
 T - a wand of polymorph (23)
 X - a wand of flame (61)
 Y - a wand of acid (3)
 Z - a wand of enslavement (12)
Scrolls
 h - 3 scrolls of fear
 n - a scroll of vulnerability
 r - 10 scrolls of remove curse
 J - 3 scrolls of amnesia
Potions
 e - a potion of resistance
 q - 3 potions of flight
 u - 7 potions of curing
 x - 4 potions of brilliance
 S - a potion of cancellation
 V - a potion of ambrosia
Miscellaneous
 m - a fan of gales (inert)
 M - a phantom mirror
 O - a crystal ball of energy
Comestibles
 c - 17 rations


   Skills:
 + Level 11.9 Fighting
 + Level 11.9 Short Blades
 + Level 11.9 Long Blades
 + Level 11.9 Axes
 + Level 11.9 Maces & Flails
 + Level 11.9 Polearms
 + Level 11.9 Staves
 + Level 11.9 Slings
 + Level 11.9 Bows
 + Level 11.9 Crossbows
 + Level 11.9 Throwing
 + Level 11.9 Armour
 + Level 12.6 Dodging
 + Level 12.5 Stealth
 + Level 11.9 Shields
 + Level 11.9 Unarmed Combat
 + Level 12.8 Spellcasting
 + Level 10.2 Conjurations
 + Level 10.2 Hexes
 + Level 10.2 Charms
 + Level 10.2 Summonings
 + Level 12.2 Necromancy
 + Level 10.2 Translocations
 + Level 10.2 Transmutations
 + Level 10.2 Fire Magic
 + Level 10.2 Ice Magic
 + Level 10.2 Air Magic
 + Level 10.2 Earth Magic
 + Level 10.2 Poison Magic
 + Level 12.9 Invocations
 + Level 11.9 Evocations


You had 6 spell levels left.
You knew the following spells:

 Your Spells              Type           Power        Failure   Level  Hunger
d - Bolt of Draining      Conj/Necr      #######...   1%          5    None
k - Sticks to Snakes      Tmut           ######..     1%          2    None
n - Animate Skeleton      Necr           N/A          0%          1    None
r - Regeneration          Chrm/Necr      #######...   1%          3    None
s - Statue Form           Tmut/Erth      ######...    1%          6    ####...
v - Borgnjor's Vile Clut  Necr/Erth      #######...   1%          5    None
A - Apportation           Tloc           ######       1%          1    None
L - Summon Lightning Spi  Summ/Air       ######..     1%          4    None
N - Animate Dead          Necr           N/A          1%          4    None
R - Irradiate             Conj/Tmut      ######....   1%          5    None


Dungeon Overview and Level Annotations

Branches:
Dungeon (15/15)            Temple (1/1) D:6            Lair (6/6) D:9
  Swamp (4/4) Lair:2       Spider (4/4) Lair:4        Slime (5/5) Lair:6
    Orc (2/2) D:12            Elf (1/3) Orc:2
 Vaults: D:13-14     Depths: D:15

Altars:
Ashenzari
Cheibriados
Dithmenos
Elyvilon
Fedhas
Gozag
Hepliaklqana
Kikubaaqudgha
Makhleb
Nemelex Xobeh
Okawaru
Qazlal
Sif Muna
Trog
Uskayaw
Vehumet
Wu Jian
Xom
Yredelemnul
Zin
The Shining One
Beogh

Shops:
D:4 (   D:5 *%=((   D:7 :?%   Orc:2 [!}!


Innate Abilities, Weirdness & Mutations

Your experience applies equally to all skills.
You have very sharp teeth.
Your uncanny sense of smell can sniff out nearby items.
Your magical capacity is low. (-10% MP)
You are very weak. (Str -4)


Message History

As you read the scroll of torment, it crumbles to dust.
Your body is wracked with pain!
* * * LOW HITPOINT WARNING * * *
The acid blob convulses!
A slime creature comes into view.
Unknown command.
You feel better.
Unknown command.
Unknown command.
Casting: Summon Lightning Spire
Confirm with . or Enter, or press ? or * to list all spells.
You turn into a living statue of rough stone.
Your +0 pair of gloves melds into your body.
Your +0 pair of boots melds into your body.
Your +4 troll leather armour melds into your body.
The death ooze hits you but does no damage. x2
The acid blob is engulfed in freezing vapours.
The acid blob spits acid at you. The splash of acid misses you.
Unknown command.
You pummel the death ooze like a punching bag!!!
The death ooze is severely damaged.
You block the death ooze's attack. The death ooze hits you!
* * * LOW HITPOINT WARNING * * *
The acid blob is engulfed in freezing vapours.
Unknown command.
You feel better. The death ooze closely misses you.
The death ooze completely misses you. The acid blob spits acid at you.
The splash of acid hits you!
You are splashed with acid!
The acid burns!
You resist.
* * * LOW HITPOINT WARNING * * *
The slime creature is engulfed in freezing vapours.
The death ooze completely misses you. The death ooze misses you.
A slime creature comes into view.
You feel better. The death ooze closely misses you.
You block the death ooze's attack.
The slime creature is engulfed in freezing vapours.
You block the death ooze's attack. The death ooze closely misses you.
Unknown command.
Unknown command.
You feel very mighty all of a sudden. The death ooze hits you.
* * * LOW HITPOINT WARNING * * *
The death ooze hits you but does no damage.
The slime creature is engulfed in freezing vapours.
The slime creature hits you but does no damage.
The acid blob is engulfed in freezing vapours.
You block the acid blob's attack. You block the death ooze's attack.
The death ooze misses you.
The slime creature is engulfed in freezing vapours.
The slime creature closely misses you.
The acid blob is engulfed in freezing vapours.
The acid blob hits you but does no damage.
A slime creature comes into view.
Unknown command.
You pummel the acid blob!!
You kill the acid blob!
That felt strangely unrewarding.
The death ooze misses you. The death ooze closely misses you.
The slime creature is engulfed in freezing vapours.
The azure jelly is engulfed in freezing vapours.
You block the slime creature's attack.
Unknown command.
You pummel the death ooze like a punching bag!!!
You destroy the death ooze!
That felt strangely unrewarding.
The azure jelly is engulfed in freezing vapours.
You block the slime creature's attack.
Unknown command.
Press: ? - help, v - describe, . - travel
Here: an azure jelly (lightly wounded)
The floor.
Unknown command.
Unknown command.
You pummel the slime creature!!
You kill the slime creature!
Cheibriados thoroughly appreciates the change of pace.
The slime creature is engulfed in freezing vapours.
Unknown command.
Okay, then.
Unknown command.
You pummel the slime creature like a punching bag!!!
You kill the slime creature!
Cheibriados thoroughly appreciates the change of pace.
The azure jelly is engulfed in freezing vapours.
The slime creature is engulfed in freezing vapours.
Unknown command.
You punch the azure jelly!
The azure jelly is moderately wounded.
The azure jelly closely misses you. x2; The azure jelly barely misses you.
The azure jelly completely misses you. The azure jelly closely misses you.
You block the azure jelly's attack. The azure jelly misses you.
You block the azure jelly's attack.
You pulverise the azure jelly!!!
Your bite misses the azure jelly.
The azure jelly is severely wounded.
The azure jelly hits you!
* * * LOW HITPOINT WARNING * * *
The azure jelly freezes you!! You resist.
You die...

..................
........................
........................
...........§............
..........§........J....
........................
................§.......
...............§.§§..JJ.
.......8.......§.§§.JJJ.
......JJ...........JJJJ.
.......§§........§JJJJJ.
..§...§§§......§.....J..
...§.§§§§§.....§.§§.....
...§.§§§§§.....§.§J.....
..........##..#..J##....
...J.....######.### #..
∆ ..# ∆ ..


You could see an acid blob, an azure jelly and a slime creature.

Vanquished Creatures
  the Royal Jelly (Slime:5)
  9 acid blobs
  Frances (D:14)
  Kirke (Swamp:1)
  2 thorn hunters
  The ghost of KarmaPolice the Whirler, an adept HaAs of Qazlal (Spider:3)
  Roxanne (D:14)
  3 ghost moths (Spider:4)
  7 azure jellies
  Aizul (Swamp:4)
  6 emperor scorpions
  4 entropy weavers
  2 spark wasps (Spider:4)
  A fire dragon (Lair:4)
  A minotaur (Lab)
  5 death oozes (Slime:5)
  2 great orbs of eyes (Slime:5)
  Harold (D:10)
  8 hydras
  A ghost crab (Swamp:3)
  3 ice dragons (Swamp:4)
  A catoblepas (D:13)
  4 death yaks
  3 centaur warriors
  4 ogre magi
  2 two-headed ogres
  3 alligators
  Urug (Lair:2)
  4 skeletal warriors (D:14)
  An unseen horror (D:12)
  2 spriggan druids (Swamp:4)
  The ghost of wazuzu the Conjurer, a novice OgWz (D:6)
  4 swamp dragons
  2 shambling mangroves
  A lindwurm (Lair:5)
  Pikel (D:8)
  13 orb spiders
  6 orc sorcerers
  2 orc knights (Orc:1)
  9 ugly things
  17 wolf spiders
  A shining eye (Slime:5)
  An oklob plant (Lair:3)
  A moth of wrath (Spider:3)
  3 deep elf magi (Elf:1)
  2 manticores
  10 elephants
  An eye of devastation (Slime:5)
  5 black mambas
  A torpor snail (Lair:5)
  15 spiny frogs
  13 rime drakes
  2 centaur skeletons (D:14)
  5 komodo dragons
  7 demonic crawlers
  4 freezing wraiths (Swamp:4)
  31 jumping spiders
  6 hornets
  4 tyrant leeches
  6 bog bodies
  3 trolls
  57 slime creatures
  2 polar bears
  5 blink frogs (Lair:5)
  A minotaur skeleton (Lab)
  8 hippogriffs
  A shadow (D:12)
  4 spriggans
  18 tarantellas
  65 redbacks
  38 yaks
  3 wyverns
  6 golden eyes (Slime:3)
  4 swamp worm simulacra (Swamp:4)
  2 hogs (Swamp:1)
  3 basilisks
  4 hungry ghosts
  10 vampire mosquitoes
  8 steam dragons (Lair:4)
  A warg (Orc:2)
  9 swamp worms
  An insubstantial wisp (Swamp:2)
  15 water moccasins
  2 acid dragons
  4 porcupines
  13 hydra simulacra (Swamp:4)
  4 swamp drakes
  16 orc warriors
  An ice beast (D:7)
  3 sky beasts (D:8)
  2 black bears
  A necrophage (D:9)
  10 ogres
  An eye of draining (D:9)
  2 phantoms
  11 wolves
  7 centaurs
  6 crocodiles
  14 bullfrogs
  3 scorpions
  4 killer bees (D:9)
  4 wights (D:8)
  5 jellies
  2 electric eels (Spider:4)
  2 bullfrog zombies (D:13)
  A crimson imp (D:9)
  8 orc priests
  2 hounds
  29 orc wizards
  A bullfrog skeleton (D:13)
  2 iguanas
  A merfolk siren (Sewer)
  12 worker ants
  A merfolk avatar (Sewer)
  2 hound zombies
  2 mummies
  A hound skeleton (D:8)
  A worker ant zombie (D:9)
  3 river rats (Sewer)
  15 adders
  9 gnolls
  A shadow imp (D:5)
  4 swamp drake simulacra (Swamp:4)
  A worm (D:5)
  4 dart slugs
  4 leopard geckos
  53 orcs
  5 ball pythons
  5 giant cockroaches
  3 goblins
  3 hobgoblins
  4 jackals
  19 kobolds
  3 quokkas
  3 bats (D:1)
  10 frilled lizards
  3 gnoll skeletons (Ossuary)
  A kobold skeleton (Ossuary)
  9 orc skeletons (Ossuary)
  A quokka zombie (D:10)
  20 rats
  3 fungi
  A plant (Lair:2)
895 creatures vanquished.

Vanquished Creatures (collateral kills)
  An entropy weaver (Spider:3)
  2 ogre magi (Orc:2)
  2 death yaks (Lair:4)
  2 shining eyes
  A wolf spider (Spider:3)
  2 demonic crawlers (Spider:3)
  7 jumping spiders
  4 slime creatures
  A hippogriff (Lair:3)
  22 redbacks (Spider:3)
  A yak (Lair:2)
  4 tarantellas
  An ice beast (D:14)
  2 porcupines
  3 orc warriors
  A crocodile (Lair:2)
  A bullfrog (Lair:3)
  An orc priest (D:9)
  2 orc wizards
  A gnoll (Bailey)
  An adder skeleton (D:9)
  5 orcs
  2 goblins (Bailey)
  2 hobgoblins (Bailey)
71 creatures vanquished.

Vanquished Creatures (others)
  A thorn hunter (Swamp:4)
  A wizard (D:14)
  2 slime creatures
  A redback (Spider:2)
  3 humans (Swamp:1)
  A soldier ant (D:14)
  3 slaves (D:8)
  An orc wizard (D:8)
  A gnoll (D:8)
  An adder (D:8)
  3 orcs
  A jackal skeleton (D:8)
  A bush (Lair:4)
  A fungus (Lair:6)
21 creatures vanquished.

Grand Total: 987 creatures vanquished

Notes
Turn   | Place    | Note
-------+----------+-------------------------------------------
     0 | D:1      | tidbits the Gnoll Necromancer began the quest for the Orb.
     0 | D:1      | Reached XP level 1. HP: 13/13 MP: 6/6
    99 | D:2      | Noticed an orc priest
   251 | D:1      | Reached XP level 2. HP: 14/19 MP: 5/7
   254 | D:1      | Learned a level 1 spell: Animate Skeleton
   508 | D:4      | Noticed a phantom
   511 | D:4      | Reached skill level 5 in Spellcasting
   511 | D:4      | Reached XP level 3. HP: 8/25 MP: 4/9
   517 | D:4      | Reached skill level 1 in Invocations
   541 | D:3      | Learned a level 3 spell: Regeneration
   546 | D:3      | Learned a level 3 spell: Vampiric Draining
   557 | D:3      | Found a glowing drain.
   573 | D:3      | Reached skill level 1 in Fighting
   573 | D:3      | Reached skill level 1 in Short Blades
   573 | D:3      | Reached skill level 1 in Long Blades
   573 | D:3      | Reached skill level 1 in Axes
   573 | D:3      | Reached skill level 1 in Maces & Flails
   573 | D:3      | Reached skill level 1 in Polearms
   573 | D:3      | Reached skill level 1 in Staves
   573 | D:3      | Reached skill level 1 in Slings
   573 | D:3      | Reached skill level 1 in Bows
   573 | D:3      | Reached skill level 1 in Crossbows
   573 | D:3      | Reached skill level 1 in Throwing
   573 | D:3      | Reached skill level 1 in Armour
   573 | D:3      | Reached skill level 1 in Shields
   573 | D:3      | Reached skill level 1 in Unarmed Combat
   573 | D:3      | Reached skill level 1 in Evocations
   594 | Sewer    | Entered a sewer
   608 | Sewer    | Reached XP level 4. HP: 32/32 MP: 4/11
   709 | Sewer    | Reached skill level 1 in Conjurations
   709 | Sewer    | Reached skill level 1 in Hexes
   709 | Sewer    | Reached skill level 1 in Charms
   709 | Sewer    | Reached skill level 1 in Summonings
   709 | Sewer    | Reached skill level 1 in Translocations
   709 | Sewer    | Reached skill level 1 in Transmutations
   709 | Sewer    | Reached skill level 1 in Fire Magic
   709 | Sewer    | Reached skill level 1 in Ice Magic
   709 | Sewer    | Reached skill level 1 in Air Magic
   709 | Sewer    | Reached skill level 1 in Earth Magic
   709 | Sewer    | Reached skill level 1 in Poison Magic
   753 | Sewer    | Reached XP level 5. HP: 34/37 MP: 12/12
   801 | Sewer    | Noticed a malarious merfolk avatar
   813 | Sewer    | Killed a malarious merfolk avatar
   939 | D:4      | Found a sand-covered staircase.
   948 | Ossuary  | Entered an ossuary
   948 | Ossuary  | Noticed a wraith
   948 | Ossuary  | Noticed a wraith
   948 | Ossuary  | Noticed a wraith
   989 | Ossuary  | Noticed a wraith
  1016 | Ossuary  | Reached XP level 6. HP: 44/44 MP: 9/13
  1130 | D:4      | Found a shattered altar of Ashenzari.
  1159 | D:4      | Found Iselyr's Antique Weapon Shoppe.
  1169 | D:4      | Reached skill level 2 in Invocations
  1194 | D:5      | Entered Level 5 of the Dungeon
  1229 | D:5      | Found a hide-covered altar of Uskayaw.
  1242 | D:5      | Reached skill level 2 in Fighting
  1242 | D:5      | Reached skill level 2 in Short Blades
  1242 | D:5      | Reached skill level 2 in Long Blades
  1242 | D:5      | Reached skill level 2 in Axes
  1242 | D:5      | Reached skill level 2 in Maces & Flails
  1242 | D:5      | Reached skill level 2 in Polearms
  1242 | D:5      | Reached skill level 2 in Staves
  1242 | D:5      | Reached skill level 2 in Slings
  1242 | D:5      | Reached skill level 2 in Bows
  1242 | D:5      | Reached skill level 2 in Crossbows
  1242 | D:5      | Reached skill level 2 in Throwing
  1242 | D:5      | Reached skill level 2 in Armour
  1242 | D:5      | Reached skill level 5 in Dodging
  1242 | D:5      | Reached skill level 2 in Shields
  1242 | D:5      | Reached skill level 2 in Unarmed Combat
  1242 | D:5      | Reached skill level 2 in Evocations
  1253 | D:5      | Found an ornate altar of the Wu Jian Council.
  1253 | D:5      | Found a blossoming altar of Fedhas.
  1253 | D:5      | Found Naog's Jewellery Emporium.
  1253 | D:5      | Found a burning altar of Makhleb.
  1253 | D:5      | Found an opulent altar of Gozag.
  1253 | D:5      | Found a shattered altar of Ashenzari.
  1324 | D:5      | Reached XP level 7. HP: 10/50 MP: 1/15
  1340 | D:5      | Found Kewucuats's Antique Weapon Shoppe.
  1350 | D:5      | Found Iskurof's Antique Weapon Emporium.
  1410 | D:5      | Found Geinuplo's General Store.
  1413 | D:5      | Bought a scroll of fear for 38 gold pieces
  1413 | D:5      | Bought a scroll of identify for 22 gold pieces
  1434 | D:5      | Found Xuidd's Food Boutique.
  1460 | D:6      | Noticed wazuzu's ghost (novice OgWz)
  1469 | D:6      | Reached skill level 2 in Conjurations
  1469 | D:6      | Reached skill level 2 in Hexes
  1469 | D:6      | Reached skill level 2 in Charms
  1469 | D:6      | Reached skill level 2 in Summonings
  1469 | D:6      | Reached skill level 2 in Translocations
  1469 | D:6      | Reached skill level 2 in Transmutations
  1469 | D:6      | Reached skill level 2 in Fire Magic
  1469 | D:6      | Reached skill level 2 in Ice Magic
  1469 | D:6      | Reached skill level 2 in Air Magic
  1469 | D:6      | Reached skill level 2 in Earth Magic
  1469 | D:6      | Reached skill level 2 in Poison Magic
  1552 | D:6      | Reached skill level 5 in Stealth
  1558 | D:6      | Reached skill level 3 in Invocations
  1574 | D:6      | Found a staircase to the Ecumenical Temple.
  1586 | Temple   | Entered the Ecumenical Temple
  1661 | Temple   | Became a worshipper of Cheibriados the Contemplative
  1699 | D:6      | Reached XP level 8. HP: 57/57 MP: 14/16
  1795 | D:6      | Killed wazuzu's ghost
  1795 | D:6      | Reached skill level 3 in Fighting
  1795 | D:6      | Reached skill level 3 in Short Blades
  1795 | D:6      | Reached skill level 3 in Long Blades
  1795 | D:6      | Reached skill level 3 in Axes
  1795 | D:6      | Reached skill level 3 in Maces & Flails
  1795 | D:6      | Reached skill level 3 in Polearms
  1795 | D:6      | Reached skill level 3 in Staves
  1795 | D:6      | Reached skill level 3 in Slings
  1795 | D:6      | Reached skill level 3 in Bows
  1795 | D:6      | Reached skill level 3 in Crossbows
  1795 | D:6      | Reached skill level 3 in Throwing
  1795 | D:6      | Reached skill level 3 in Armour
  1795 | D:6      | Reached skill level 3 in Shields
  1795 | D:6      | Reached skill level 3 in Unarmed Combat
  1795 | D:6      | Reached skill level 6 in Spellcasting
  1795 | D:6      | Reached skill level 3 in Evocations
  2033 | D:7      | Found Zuqoal's Book Boutique.
  2039 | D:7      | Found a sparkling altar of Nemelex Xobeh.
  2067 | D:7      | Reached skill level 3 in Conjurations
  2067 | D:7      | Reached skill level 3 in Hexes
  2067 | D:7      | Reached skill level 3 in Charms
  2067 | D:7      | Reached skill level 3 in Summonings
  2067 | D:7      | Reached skill level 3 in Translocations
  2067 | D:7      | Reached skill level 3 in Transmutations
  2067 | D:7      | Reached skill level 3 in Fire Magic
  2067 | D:7      | Reached skill level 3 in Ice Magic
  2067 | D:7      | Reached skill level 3 in Air Magic
  2067 | D:7      | Reached skill level 3 in Earth Magic
  2067 | D:7      | Reached skill level 3 in Poison Magic
  2067 | D:7      | Reached skill level 4 in Invocations
  2113 | D:8      | Reached * piety under Cheibriados
  2113 | D:8      | Reached XP level 9. HP: 60/65 MP: 7/18
  2132 | D:8      | Reached skill level 6 in Dodging
  2214 | D:7      | Found Ciuddoig's Magic Scroll Boutique.
  2224 | D:7      | Bought a scroll of teleportation for 42 gold pieces
  2224 | D:7      | Bought a scroll of fog for 28 gold pieces
  2229 | D:7      | Reached skill level 4 in Fighting
  2229 | D:7      | Reached skill level 4 in Short Blades
  2229 | D:7      | Reached skill level 4 in Long Blades
  2229 | D:7      | Reached skill level 4 in Axes
  2229 | D:7      | Reached skill level 4 in Maces & Flails
  2229 | D:7      | Reached skill level 4 in Polearms
  2229 | D:7      | Reached skill level 4 in Staves
  2229 | D:7      | Reached skill level 4 in Slings
  2229 | D:7      | Reached skill level 4 in Bows
  2229 | D:7      | Reached skill level 4 in Crossbows
  2229 | D:7      | Reached skill level 4 in Throwing
  2229 | D:7      | Reached skill level 4 in Armour
  2229 | D:7      | Reached skill level 4 in Shields
  2229 | D:7      | Reached skill level 4 in Unarmed Combat
  2229 | D:7      | Reached skill level 4 in Evocations
  2250 | D:7      | Found Gotaf Fog's Food Boutique.
  2286 | D:8      | Noticed Pikel
  2300 | D:8      | Killed Pikel
  2300 | D:8      | Reached skill level 6 in Stealth
  2300 | D:8      | Reached skill level 8 in Necromancy
  2335 | D:8      | Noticed a two-headed ogre
  2348 | D:8      | Killed a two-headed ogre
  2348 | D:8      | Reached skill level 5 in Invocations
  2366 | D:8      | Reached XP level 10. HP: 73/73 MP: 6/20
  2373 | D:8      | Reached skill level 7 in Spellcasting
  2380 | D:8      | Learned a level 5 spell: Borgnjor's Vile Clutch
  2479 | D:8      | Reached skill level 4 in Conjurations
  2479 | D:8      | Reached skill level 4 in Hexes
  2479 | D:8      | Reached skill level 4 in Charms
  2479 | D:8      | Reached skill level 4 in Summonings
  2479 | D:8      | Reached skill level 4 in Translocations
  2479 | D:8      | Reached skill level 4 in Transmutations
  2479 | D:8      | Reached skill level 4 in Fire Magic
  2479 | D:8      | Reached skill level 4 in Ice Magic
  2479 | D:8      | Reached skill level 4 in Air Magic
  2479 | D:8      | Reached skill level 4 in Earth Magic
  2479 | D:8      | Reached skill level 4 in Poison Magic
  2494 | D:8      | Reached ** piety under Cheibriados
  2677 | D:9      | Reached skill level 5 in Fighting
  2677 | D:9      | Reached skill level 5 in Short Blades
  2677 | D:9      | Reached skill level 5 in Long Blades
  2677 | D:9      | Reached skill level 5 in Axes
  2677 | D:9      | Reached skill level 5 in Maces & Flails
  2677 | D:9      | Reached skill level 5 in Polearms
  2677 | D:9      | Reached skill level 5 in Staves
  2677 | D:9      | Reached skill level 5 in Slings
  2677 | D:9      | Reached skill level 5 in Bows
  2677 | D:9      | Reached skill level 5 in Crossbows
  2677 | D:9      | Reached skill level 5 in Throwing
  2677 | D:9      | Reached skill level 5 in Armour
  2677 | D:9      | Reached skill level 5 in Shields
  2677 | D:9      | Reached skill level 5 in Unarmed Combat
  2677 | D:9      | Reached skill level 5 in Evocations
  2690 | D:9      | Learned a level 4 spell: Animate Dead
  2713 | D:9      | Found a stormy altar of Qazlal.
  2775 | D:10     | Entered Level 10 of the Dungeon
  2824 | D:10     | Reached skill level 7 in Dodging
  2957 | D:11     | Noticed an ogre mage
  2957 | D:11     | Noticed a centaur warrior
  2960 | D:11     | Noticed a white ugly thing
  2960 | D:11     | Noticed a brown ugly thing
  2962 | D:11     | Found a large runed door.
  2964 | D:11     | Killed an ogre mage
  2967 | D:11     | Killed a brown ugly thing
  2967 | D:11     | Reached skill level 6 in Invocations
  2967 | D:11     | Killed a green ugly thing
  2967 | D:11     | Reached skill level 7 in Stealth
  2967 | D:11     | Killed a centaur warrior
  2967 | D:11     | Reached XP level 11. HP: 64/81 MP: 5/22
  2968 | D:11     | Found a large runed door.
  3000 | D:11     | Found a shadowy altar of Dithmenos.
  3000 | D:11     | Noticed a flayed ghost
  3003 | D:11     | Found a shimmering altar of Xom.
  3003 | D:11     | Noticed a phantasmal warrior
  3058 | D:10     | Noticed Harold
  3064 | D:10     | Reached *** piety under Cheibriados
  3068 | D:10     | Killed Harold
  3224 | D:12     | Found a labyrinth entrance.
  3231 | Lab      | Entered a labyrinth
  3330 | Lab      | Reached skill level 6 in Fighting
  3330 | Lab      | Reached skill level 6 in Short Blades
  3330 | Lab      | Reached skill level 6 in Long Blades
  3330 | Lab      | Reached skill level 6 in Axes
  3330 | Lab      | Reached skill level 6 in Maces & Flails
  3330 | Lab      | Reached skill level 6 in Polearms
  3330 | Lab      | Reached skill level 6 in Staves
  3330 | Lab      | Reached skill level 6 in Slings
  3330 | Lab      | Reached skill level 6 in Bows
  3330 | Lab      | Reached skill level 6 in Crossbows
  3330 | Lab      | Reached skill level 6 in Throwing
  3330 | Lab      | Reached skill level 6 in Armour
  3330 | Lab      | Reached skill level 6 in Shields
  3330 | Lab      | Reached skill level 6 in Unarmed Combat
  3330 | Lab      | Reached skill level 6 in Evocations
  3447 | Lab      | Reached skill level 5 in Conjurations
  3447 | Lab      | Reached skill level 5 in Hexes
  3447 | Lab      | Reached skill level 5 in Charms
  3447 | Lab      | Reached skill level 5 in Summonings
  3447 | Lab      | Reached skill level 5 in Translocations
  3447 | Lab      | Reached skill level 5 in Transmutations
  3447 | Lab      | Reached skill level 5 in Fire Magic
  3447 | Lab      | Reached skill level 5 in Ice Magic
  3447 | Lab      | Reached skill level 5 in Air Magic
  3447 | Lab      | Reached skill level 5 in Earth Magic
  3447 | Lab      | Reached skill level 5 in Poison Magic
  3594 | Lab      | Noticed a minotaur
  3604 | Lab      | Killed a minotaur
  3604 | Lab      | Reached skill level 8 in Spellcasting
  3606 | Lab      | Got a faintly glowing morningstar
  3612 | Lab      | Learned a level 4 spell: Summon Lightning Spire
  3612 | Lab      | Identified the +12 morningstar of Youthful Indiscretion {freeze, Str+6 Int-2 Dex+5} (You found it in a labyrinth)
  3624 | D:12     | Found a staircase to the Orcish Mines.
  3633 | Orc:1    | Entered Level 1 of the Orcish Mines
  3651 | Orc:1    | Noticed an orc knight
  3658 | Orc:1    | Killed an orc knight
  3700 | Orc:1    | Noticed an orc sorcerer
  3705 | Orc:1    | Killed an orc sorcerer
  3705 | Orc:1    | Reached **** piety under Cheibriados
  3754 | Orc:2    | Entered Level 2 of the Orcish Mines
  3754 | Orc:2    | Found a roughly hewn altar of Beogh.
  3765 | Orc:2    | Found a staircase to the Elven Halls.
  3789 | Orc:1    | Reached skill level 9 in Necromancy
  3789 | Orc:1    | Reached skill level 7 in Invocations
  3792 | Orc:1    | Noticed an orc knight
  3813 | Orc:1    | Killed an orc knight
  3813 | Orc:1    | Reached skill level 8 in Dodging
  4040 | Orc:2    | Noticed an ogre mage
  4043 | Orc:2    | Reached ***** piety under Cheibriados
  4044 | Orc:2    | Noticed an orc sorcerer
  4044 | Orc:2    | Killed an ogre mage
  4049 | Orc:2    | Killed an orc sorcerer
  4055 | Orc:2    | Found Hiyn Bedubb's Gadget Boutique.
  4079 | Orc:2    | Found a radiant altar of Vehumet.
  4080 | Orc:2    | Noticed an ogre mage
  4080 | Orc:2    | Noticed an orc sorcerer
  4084 | Orc:2    | Reached skill level 8 in Stealth
  4085 | Orc:2    | Noticed an orc sorcerer
  4086 | Orc:2    | Killed an orc sorcerer
  4086 | Orc:2    | Reached XP level 12. HP: 89/89 MP: 9/24
  4098 | Orc:2    | Noticed an ogre mage
  4098 | Orc:2    | Killed an ogre mage
  4111 | Orc:2    | Killed an ogre mage
  4161 | Orc:2    | Reached skill level 7 in Fighting
  4161 | Orc:2    | Reached skill level 7 in Short Blades
  4161 | Orc:2    | Reached skill level 7 in Long Blades
  4161 | Orc:2    | Reached skill level 7 in Axes
  4161 | Orc:2    | Reached skill level 7 in Maces & Flails
  4161 | Orc:2    | Reached skill level 7 in Polearms
  4161 | Orc:2    | Reached skill level 7 in Staves
  4161 | Orc:2    | Reached skill level 7 in Slings
  4161 | Orc:2    | Reached skill level 7 in Bows
  4161 | Orc:2    | Reached skill level 7 in Crossbows
  4161 | Orc:2    | Reached skill level 7 in Throwing
  4161 | Orc:2    | Reached skill level 7 in Armour
  4161 | Orc:2    | Reached skill level 7 in Shields
  4161 | Orc:2    | Reached skill level 7 in Unarmed Combat
  4161 | Orc:2    | Reached skill level 7 in Evocations
  4190 | Orc:2    | Found a roughly hewn altar of Beogh.
  4190 | Orc:2    | Noticed an ogre mage
  4198 | Orc:2    | Killed an ogre mage
  4202 | Orc:2    | Found Fitaamam's Distillery.
  4209 | Orc:2    | Found Veabomur's Antique Armour Shop.
  4238 | Orc:2    | Found an ancient bone altar of Kikubaaqudgha.
  4245 | Orc:2    | Noticed an ogre mage
  4258 | Orc:2    | Killed an ogre mage
  4267 | Orc:2    | Found Xemuv's Distillery.
  4305 | Elf:1    | Entered Level 1 of the Elven Halls
  4317 | Elf:1    | Reached skill level 6 in Conjurations
  4317 | Elf:1    | Reached skill level 6 in Hexes
  4317 | Elf:1    | Reached skill level 6 in Charms
  4317 | Elf:1    | Reached skill level 6 in Summonings
  4317 | Elf:1    | Reached skill level 6 in Translocations
  4317 | Elf:1    | Reached skill level 6 in Transmutations
  4317 | Elf:1    | Reached skill level 6 in Fire Magic
  4317 | Elf:1    | Reached skill level 6 in Ice Magic
  4317 | Elf:1    | Reached skill level 6 in Air Magic
  4317 | Elf:1    | Reached skill level 6 in Earth Magic
  4317 | Elf:1    | Reached skill level 6 in Poison Magic
  4329 | Elf:1    | Found a radiant altar of Vehumet.
  4370 | Orc:2    | Found an iron altar of Okawaru.
  4409 | Orc:2    | Reached skill level 8 in Invocations
  4640 | D:7      | Bought a book of Transfigurations for 660 gold pieces
  4689 | D:5      | Bought an uncursed ring of wizardry for 390 gold pieces
  4698 | D:5      | Learned a level 6 spell: Statue Form
  4845 | D:9      | Reached skill level 9 in Spellcasting
  5010 | D:10     | Found a glowing golden altar of the Shining One.
  5119 | D:11     | Identified a scroll of acquirement
  5308 | Orc:2    | Bought 2 potions of might for 80 gold pieces
  5308 | Orc:2    | Bought a potion of curing for 30 gold pieces
  5308 | Orc:2    | Bought a potion of curing for 30 gold pieces
  5308 | Orc:2    | Bought a potion of heal wounds for 50 gold pieces
  5308 | Orc:2    | Bought a potion of curing for 30 gold pieces
  5317 | Orc:2    | Bought a shiny helmet for 262 gold pieces
  5317 | Orc:2    | Bought a runed scarf for 280 gold pieces
  5331 | Orc:2    | Bought an embroidered scarf for 280 gold pieces
  5377 | Orc:2    | Bought a potion of might for 52 gold pieces
  5377 | Orc:2    | Bought a potion of curing for 39 gold pieces
  5377 | Orc:2    | Bought a potion of flight for 39 gold pieces
  5377 | Orc:2    | Bought a potion of curing for 39 gold pieces
  5377 | Orc:2    | Bought a potion of ambrosia for 104 gold pieces
  5377 | Orc:2    | Bought a potion of agility for 52 gold pieces
  5377 | Orc:2    | Bought a potion of curing for 39 gold pieces
  5526 | D:13     | Reached ****** piety under Cheibriados
  5546 | D:12     | Noticed a two-headed ogre
  5651 | D:13     | Found a flagged portal.
  5662 | Bailey   | Entered a bailey
  5723 | Bailey   | Got a crude copper amulet
  5851 | D:13     | Reached skill level 9 in Dodging
  5890 | D:13     | Reached XP level 13. HP: 98/98 MP: 18/26
  5896 | D:13     | Learned a level 5 spell: Irradiate
  5955 | D:14     | Noticed a vault guard
  5986 | D:14     | Reached skill level 9 in Stealth
  6017 | D:14     | Reached skill level 8 in Fighting
  6017 | D:14     | Reached skill level 8 in Short Blades
  6017 | D:14     | Reached skill level 8 in Long Blades
  6017 | D:14     | Reached skill level 8 in Axes
  6017 | D:14     | Reached skill level 8 in Maces & Flails
  6017 | D:14     | Reached skill level 8 in Polearms
  6017 | D:14     | Reached skill level 8 in Staves
  6017 | D:14     | Reached skill level 8 in Slings
  6017 | D:14     | Reached skill level 8 in Bows
  6017 | D:14     | Reached skill level 8 in Crossbows
  6017 | D:14     | Reached skill level 8 in Throwing
  6017 | D:14     | Reached skill level 8 in Armour
  6017 | D:14     | Reached skill level 8 in Shields
  6017 | D:14     | Reached skill level 8 in Unarmed Combat
  6017 | D:14     | Reached skill level 8 in Evocations
  6025 | D:14     | Found a white marble altar of Elyvilon.
  6047 | D:14     | Noticed Roxanne
  6058 | D:14     | Killed Roxanne
  6071 | D:14     | Found a bloodstained altar of Trog.
  6117 | D:14     | Noticed Frances
  6121 | D:14     | Killed Frances
  6152 | D:15     | Entered Level 15 of the Dungeon
  6181 | D:14     | Reached skill level 9 in Invocations
  6184 | D:14     | Noticed a vault guard
  6305 | D:12     | Found a glowing silver altar of Zin.
  6416 | D:10     | Reached skill level 10 in Necromancy
  6420 | D:10     | Reached skill level 7 in Conjurations
  6420 | D:10     | Reached skill level 7 in Hexes
  6420 | D:10     | Reached skill level 7 in Charms
  6420 | D:10     | Reached skill level 7 in Summonings
  6420 | D:10     | Reached skill level 7 in Translocations
  6420 | D:10     | Reached skill level 7 in Transmutations
  6420 | D:10     | Reached skill level 7 in Fire Magic
  6420 | D:10     | Reached skill level 7 in Ice Magic
  6420 | D:10     | Reached skill level 7 in Air Magic
  6420 | D:10     | Reached skill level 7 in Earth Magic
  6420 | D:10     | Reached skill level 7 in Poison Magic
  6688 | D:9      | Found a staircase to the Lair.
  6698 | Lair:1   | Entered Level 1 of the Lair of Beasts
  6725 | Lair:1   | Learned a level 2 spell: Sticks to Snakes
  6796 | Lair:1   | Reached skill level 10 in Spellcasting
  6816 | Lair:1   | Got a brightly glowing dagger
  6857 | Lair:3   | Reached XP level 14. HP: 106/106 MP: 11/28
  6982 | Lair:3   | Reached skill level 10 in Dodging
  7019 | Lair:3   | Identified the amulet "Bysanif" {Gourm rElec rC- Dex-2 Stlth+} (You took it off a kobold in a bailey)
  7133 | Lair:2   | Reached skill level 9 in Fighting
  7133 | Lair:2   | Reached skill level 9 in Short Blades
  7133 | Lair:2   | Reached skill level 9 in Long Blades
  7133 | Lair:2   | Reached skill level 9 in Axes
  7133 | Lair:2   | Reached skill level 9 in Maces & Flails
  7133 | Lair:2   | Reached skill level 9 in Polearms
  7133 | Lair:2   | Reached skill level 9 in Staves
  7133 | Lair:2   | Reached skill level 9 in Slings
  7133 | Lair:2   | Reached skill level 9 in Bows
  7133 | Lair:2   | Reached skill level 9 in Crossbows
  7133 | Lair:2   | Reached skill level 9 in Throwing
  7133 | Lair:2   | Reached skill level 9 in Armour
  7133 | Lair:2   | Reached skill level 9 in Shields
  7133 | Lair:2   | Reached skill level 9 in Unarmed Combat
  7133 | Lair:2   | Reached skill level 9 in Evocations
  7142 | Lair:2   | Learned a level 1 spell: Apportation
  7145 | Lair:2   | Noticed Urug
  7147 | Lair:2   | Killed Urug
  7226 | Lair:2   | Reached skill level 10 in Stealth
  7256 | Lair:2   | Found a staircase to the Swamp.
  7271 | Swamp:1  | Entered Level 1 of the Swamp
  7271 | Swamp:1  | Noticed Kirke
  7276 | Swamp:1  | Killed Kirke
  7297 | Swamp:2  | Reached skill level 10 in Invocations
  7299 | Swamp:2  | Noticed a thorn hunter
  7306 | Swamp:2  | Killed a thorn hunter
  7526 | Swamp:3  | Noticed a thorn hunter
  7532 | Swamp:3  | Killed a thorn hunter
  7623 | Swamp:2  | Reached skill level 8 in Conjurations
  7623 | Swamp:2  | Reached skill level 8 in Hexes
  7623 | Swamp:2  | Reached skill level 8 in Charms
  7623 | Swamp:2  | Reached skill level 8 in Summonings
  7623 | Swamp:2  | Reached skill level 8 in Translocations
  7623 | Swamp:2  | Reached skill level 8 in Transmutations
  7623 | Swamp:2  | Reached skill level 8 in Fire Magic
  7623 | Swamp:2  | Reached skill level 8 in Ice Magic
  7623 | Swamp:2  | Reached skill level 8 in Air Magic
  7623 | Swamp:2  | Reached skill level 8 in Earth Magic
  7623 | Swamp:2  | Reached skill level 8 in Poison Magic
  7625 | Swamp:2  | Reached XP level 15. HP: 114/114 MP: 11/29
  7671 | Swamp:4  | Entered Level 4 of the Swamp
  7700 | Swamp:4  | Noticed Aizul
  7707 | Swamp:4  | Killed Aizul
  7716 | Swamp:4  | Identified the +0 dagger of Distant Worlds {holy, rElec rC+ Int+3 Dex+3} (You found it on level 1 of the Lair of Beasts)
  7742 | Swamp:4  | Killed a thorn hunter
  7822 | Swamp:4  | Reached skill level 11 in Spellcasting
  8009 | Swamp:4  | Reached skill level 10 in Fighting
  8009 | Swamp:4  | Reached skill level 10 in Short Blades
  8009 | Swamp:4  | Reached skill level 10 in Long Blades
  8009 | Swamp:4  | Reached skill level 10 in Axes
  8009 | Swamp:4  | Reached skill level 10 in Maces & Flails
  8009 | Swamp:4  | Reached skill level 10 in Polearms
  8009 | Swamp:4  | Reached skill level 10 in Staves
  8009 | Swamp:4  | Reached skill level 10 in Slings
  8009 | Swamp:4  | Reached skill level 10 in Bows
  8009 | Swamp:4  | Reached skill level 10 in Crossbows
  8009 | Swamp:4  | Reached skill level 10 in Throwing
  8009 | Swamp:4  | Reached skill level 10 in Armour
  8009 | Swamp:4  | Reached skill level 10 in Shields
  8009 | Swamp:4  | Reached skill level 10 in Unarmed Combat
  8009 | Swamp:4  | Reached skill level 10 in Evocations
  8019 | Swamp:4  | Got a decaying rune of Zot
  8208 | Lair:2   | Reached skill level 11 in Dodging
  8383 | Lair:4   | Reached skill level 11 in Necromancy
  8403 | Lair:4   | Reached skill level 11 in Invocations
  8442 | Lair:4   | Reached skill level 11 in Stealth
  8458 | Lair:4   | Found a hole to the Spider Nest.
  8476 | Spider:1 | Entered Level 1 of the Spider Nest
  8518 | Spider:1 | Reached XP level 16. HP: 122/122 MP: 9/31
  8694 | Spider:3 | Noticed KarmaPolice's ghost (adept HaAs)
  8695 | Spider:3 | Identified tidbits's Compendium of the Snowflakes and Attacks (You acquired it on level 3 of the Spider Nest)
  8701 | Spider:3 | Reached skill level 9 in Conjurations
  8701 | Spider:3 | Reached skill level 9 in Hexes
  8701 | Spider:3 | Reached skill level 9 in Charms
  8701 | Spider:3 | Reached skill level 9 in Summonings
  8701 | Spider:3 | Reached skill level 9 in Translocations
  8701 | Spider:3 | Reached skill level 9 in Transmutations
  8701 | Spider:3 | Reached skill level 9 in Fire Magic
  8701 | Spider:3 | Reached skill level 9 in Ice Magic
  8701 | Spider:3 | Reached skill level 9 in Air Magic
  8701 | Spider:3 | Reached skill level 9 in Earth Magic
  8701 | Spider:3 | Reached skill level 9 in Poison Magic
  8710 | Spider:3 | Killed KarmaPolice's ghost
  8746 | Spider:3 | Got a fine diamond amulet
  8761 | Spider:4 | Entered Level 4 of the Spider Nest
  8959 | Spider:4 | Reached skill level 11 in Fighting
  8959 | Spider:4 | Reached skill level 11 in Short Blades
  8959 | Spider:4 | Reached skill level 11 in Long Blades
  8959 | Spider:4 | Reached skill level 11 in Axes
  8959 | Spider:4 | Reached skill level 11 in Maces & Flails
  8959 | Spider:4 | Reached skill level 11 in Polearms
  8959 | Spider:4 | Reached skill level 11 in Staves
  8959 | Spider:4 | Reached skill level 11 in Slings
  8959 | Spider:4 | Reached skill level 11 in Bows
  8959 | Spider:4 | Reached skill level 11 in Crossbows
  8959 | Spider:4 | Reached skill level 11 in Throwing
  8959 | Spider:4 | Reached skill level 11 in Armour
  8959 | Spider:4 | Reached skill level 11 in Shields
  8959 | Spider:4 | Reached skill level 11 in Unarmed Combat
  8959 | Spider:4 | Reached skill level 11 in Evocations
  9032 | Spider:4 | Reached skill level 12 in Spellcasting
  9032 | Spider:4 | Reached XP level 17. HP: 131/131 MP: 0/33
  9036 | Spider:4 | Reached skill level 12 in Invocations
  9062 | Spider:4 | Got a gossamer rune of Zot
  9174 | Spider:2 | Reached skill level 12 in Dodging
  9473 | Lair:5   | Reached skill level 12 in Stealth
  9520 | Lair:6   | Entered Level 6 of the Lair of Beasts
  9526 | Lair:6   | Identified the amulet "Poeq Zai" {Harm *Drain rC+ Str+2 Dex+2} (You found it on level 3 of the Spider Nest)
  9712 | Lair:6   | Found a staircase to the Slime Pits.
  9732 | Lair:6   | Learned a level 5 spell: Bolt of Draining
  9738 | Slime:1  | Entered Level 1 of the Pits of Slime
  9743 | Slime:1  | Noticed an acid blob
  9753 | Slime:1  | Killed an acid blob
  9760 | Slime:2  | Noticed an acid blob
  9760 | Slime:2  | Noticed an acid blob
  9781 | Slime:3  | Noticed an acid blob
  9786 | Slime:3  | Killed an acid blob
  9824 | Slime:3  | Noticed an acid blob
  9834 | Slime:3  | Killed an acid blob
  9839 | Slime:4  | Noticed an acid blob
  9842 | Slime:4  | Killed an acid blob
  9856 | Slime:4  | Reached skill level 12 in Necromancy
  9865 | Slime:5  | Entered Level 5 of the Pits of Slime
  9890 | Slime:5  | Noticed an acid blob
  9896 | Slime:5  | Killed an acid blob
  9896 | Slime:5  | Reached skill level 10 in Conjurations
  9896 | Slime:5  | Reached skill level 10 in Hexes
  9896 | Slime:5  | Reached skill level 10 in Charms
  9896 | Slime:5  | Reached skill level 10 in Summonings
  9896 | Slime:5  | Reached skill level 10 in Translocations
  9896 | Slime:5  | Reached skill level 10 in Transmutations
  9896 | Slime:5  | Reached skill level 10 in Fire Magic
  9896 | Slime:5  | Reached skill level 10 in Ice Magic
  9896 | Slime:5  | Reached skill level 10 in Air Magic
  9896 | Slime:5  | Reached skill level 10 in Earth Magic
  9896 | Slime:5  | Reached skill level 10 in Poison Magic
  9898 | Slime:5  | Noticed the Royal Jelly
  9907 | Slime:5  | Noticed an acid blob
  9907 | Slime:5  | Noticed an acid blob
  9907 | Slime:5  | Noticed an acid blob
  9907 | Slime:5  | Noticed an acid blob
  9907 | Slime:5  | Noticed an acid blob
  9908 | Slime:5  | Killed the Royal Jelly
  9908 | Slime:5  | Reached XP level 18. HP: 99/140 MP: 34/34
  9919 | Slime:5  | Paralysed by a great orb of eyes for 4 turns
  9955 | Slime:5  | Gained mutation: Your magical capacity is low. (-10% MP) [a shining eye]
  9956 | Slime:5  | Gained mutation: You are weak. (Str -2) [a shining eye]
  9957 | Slime:5  | Gained mutation: You are very weak. (Str -4) [a shining eye]
  9960 | Slime:5  | HP: 10/140 [/a scroll of torment (8)]
  9972 | Slime:5  | Slain by an azure jelly

Vault maps used:
D:1:      minmay_arrival_widening_spiral_wide
D:2:      cheibrodos_pilgrimage, vehumet_crystals, kiku_gazebo_garden_becter,
          uniq_jessica
D:3:      gup_sewer_entry_glass
D:4:      nicolae_ru_path_of_blood, serial_shops, nicolae_shop_stone,
          first_ration, nicolae_ossuary_entry_giza, evilmike_ruin_ashenzari
D:5:      kennysheep_mini, grunt_temple_overflow_open, serial_shops,
          kennysheep_mini_moat, shop, shop_fountains, shop_statue,
          nicolae_shop_overgrown_old_shop
D:6:      minmay_temple_entry_statues_pillars
D:7:      minmay_thick_lines, overflow_temple_1_default, serial_shops,
          nicolae_shop_window_shopping,
          nicolae_shop_temple_entry_statues_fountains, shop, shop_statue, shop
D:8:      uniq_prince_ribbit1, uniq_pikel
D:9:      lemuel_crystal_altar, erik_lair_dragon, grunt_pizzeria
D:10:     nicolae_tso_carved_into_rock, uniq_harold
D:11:     jmf_multi_god_temple2
D:12:     orc_0_dummy, lab_entry_generic, basic_altar
D:13:     enter_bailey_2, grunt_ministairs_10
D:14:     grunt_vaults_entry_fortified, elyvilon_altar_1, trog_wizard,
          uniq_roxanne, uniq_frances
D:15:     hangedman_slaughterboxes, serial_shops, uniq_josephine
Temple:   minmay_temple_curvy_loop
Lair:1:   fungi_pond_lemuel, serial_bayou_pond_a, minivault_25, st_stairs_6,
          grunt_megastairs_2
Lair:2:   minmay_swamp_entry_worms, hibernation_bobbens, uniq_urug
Lair:3:   grunt_forest_stairs_basic
Lair:4:   spider_nest_entry_a, bobbens_dragon_lair_wall
Lair:5:   minmay_lair_oklob_bushes, lemuel_fruit_tree
Lair:6:   due_jungle_book, minmay_slime_entry_pillars
Swamp:1:  evilmike_swamp_ruin_wall, swamp_pool1, uniq_kirke
Swamp:2:  nicolae_swamp_round_clearing, swamp_pool1,
          nicolae_swamp_very_dense_foliage
Swamp:3:  gammafunk_its_a_trap, evilmike_swamp_ruin_rubble_1, swamp_pool4
Swamp:4:  swamp_icy, infiniplex_staircase_pool_2, uniq_aizul
Spider:1: minivault_29
Spider:2: nicolae_spider_shape, nicolae_spider_cling_ruins
Spider:4: spider_rune_water
Slime:1:  cheibrodos_slime_lost_civilization_10
Slime:3:  basic_altar
Orc:2:    kennysheep_orc_mage_school, basic_altar, okawaru_metal_pillars_1_2
Elf:1:    eino_elf_arrival_altar, minmay_elf_demonology, uniq_agnes
Lab:      labyrinth_baited_teleportation_trap, nicolae_lab_flowing_pool,
          labyrinth_glass_2, nicolae_lab_lava, nicolae_lab_checkerboard,
          nicolae_lab_starburst, labyrinth_glass_1
Sewer:    sewer_sea
Ossuary:  ossuary_due_mausoleum
Bailey:   bailey_axe_1, bailey

Skill      XL: |  1  2  3  4  5  6  7  8  9 10 11 12 13 14 15 16 17 |
---------------+----------------------------------------------------+-----
Spellcasting   | 5 6 7 8 9 10 11 12 | 12.8
Invocations    | 1 2 3 4 5 6 7 8 9 10 11 12 | 12.9
Fighting       | 1 2 3 4 5 6 7 8 9 10 11 | 11.9
Short Blades   | 1 2 3 4 5 6 7 8 9 10 11 | 11.9
Long Blades    | 1 2 3 4 5 6 7 8 9 10 11 | 11.9
Axes           | 1 2 3 4 5 6 7 8 9 10 11 | 11.9
Maces & Flails | 1 2 3 4 5 6 7 8 9 10 11 | 11.9
Polearms       | 1 2 3 4 5 6 7 8 9 10 11 | 11.9
Staves         | 1 2 3 4 5 6 7 8 9 10 11 | 11.9
Slings         | 1 2 3 4 5 6 7 8 9 10 11 | 11.9
Bows           | 1 2 3 4 5 6 7 8 9 10 11 | 11.9
Crossbows      | 1 2 3 4 5 6 7 8 9 10 11 | 11.9
Throwing       | 1 2 3 4 5 6 7 8 9 10 11 | 11.9
Armour         | 1 2 3 4 5 6 7 8 9 10 11 | 11.9
Shields        | 1 2 3 4 5 6 7 8 9 10 11 | 11.9
Unarmed Combat | 1 2 3 4 5 6 7 8 9 10 11 | 11.9
Evocations     | 1 2 3 4 5 6 7 8 9 10 11 | 11.9
Conjurations   | 1 2 3 4 5 6 7 8 9 10 | 10.2
Hexes          | 1 2 3 4 5 6 7 8 9 10 | 10.2
Charms         | 1 2 3 4 5 6 7 8 9 10 | 10.2
Summonings     | 1 2 3 4 5 6 7 8 9 10 | 10.2
Translocations | 1 2 3 4 5 6 7 8 9 10 | 10.2
Transmutations | 1 2 3 4 5 6 7 8 9 10 | 10.2
Fire Magic     | 1 2 3 4 5 6 7 8 9 10 | 10.2
Ice Magic      | 1 2 3 4 5 6 7 8 9 10 | 10.2
Air Magic      | 1 2 3 4 5 6 7 8 9 10 | 10.2
Earth Magic    | 1 2 3 4 5 6 7 8 9 10 | 10.2
Poison Magic   | 1 2 3 4 5 6 7 8 9 10 | 10.2
Dodging        | 5 6 7 8 9 10 11 12 | 12.6
Stealth        | 5 6 7 8 9 10 11 12 | 12.5
Necromancy     | 8 9 10 11 12 | 12.2

Action                   |  1- 3 |  4- 6 |  7- 9 | 10-12 | 13-15 | 16-18 || total
-------------------------+-------+-------+-------+-------+-------+-------++-------
Melee: Trident           |     3 |   146 |    21 |       |       |       ||   170
       Bite              |     1 |    11 |     4 |    37 |    66 |    48 ||   167
       Punch             |       |     2 |     1 |     7 |       |       ||    10
       Unarmed           |       |       |    34 |     7 |     1 |    12 ||    54
       Flail             |       |       |     5 |    43 |       |       ||    48
       War axe           |       |       |    24 |    36 |       |       ||    60
       Morningstar       |       |       |       |   154 |   357 |   315 ||   826
       Dagger            |       |       |       |     1 |       |       ||     1
Throw: Javelin           |     3 |       |       |    21 |       |       ||    24
       Tomahawk          |       |       |       |       |     3 |    16 ||    19
 Cast: Pain              |    41 |    55 |    66 |    21 |       |       ||   183
       Regeneration      |     2 |     5 |     8 |    14 |     5 |     3 ||    37
       Vampiric Draining |       |     4 |    15 |       |       |       ||    19
       Animate Skeleton  |       |       |     1 |    11 |    12 |       ||    24
       Borgnjor's Vile C |       |       |       |    44 |    54 |    32 ||   130
       Animate Dead      |       |       |       |     4 |     1 |     5 ||    10
       Summon Lightning  |       |       |       |    14 |     1 |     5 ||    20
       Statue Form       |       |       |       |     9 |    44 |    29 ||    82
       Apportation       |       |       |       |       |    37 |    39 ||    76
       Irradiate         |       |       |       |       |     6 |     2 ||     8
       Sticks to Snakes  |       |       |       |       |       |     3 ||     3
Invok: Slouch            |       |       |       |     1 |     9 |    18 ||    28
       Temporal Distorti |       |       |       |       |       |     2 ||     2
       Step From Time    |       |       |       |       |       |     3 ||     3
Evoke: Wand              |       |       |    16 |     5 |    18 |    28 ||    67
       Fan of gales      |       |       |       |     1 |       |     1 ||     2
  Use: Scroll            |     3 |     4 |     6 |    14 |    14 |    14 ||    55
       Potion            |     3 |     2 |     7 |     5 |     3 |    17 ||    37
 Stab: Sleeping          |       |     7 |     1 |    10 |     6 |     9 ||    33
       Distracted        |       |       |       |     2 |     4 |    14 ||    20
       Paralysed         |       |       |       |       |     3 |     1 ||     4
  Eat: Ration            |       |     1 |     1 |     5 |     6 |     2 ||    15
       Chunk             |       |       |       |     6 |     7 |       ||    13
Armor: Robe              |     8 |    21 |    16 |    46 |       |       ||    91
       Skin              |       |       |    18 |    24 |   203 |   278 ||   523
       Troll leather arm |       |       |       |       |     8 |     1 ||     9
Dodge: Dodged            |    12 |   140 |    72 |   368 |   697 |   964 ||  2253
Block: Other             |       |       |     3 |     6 |       |       ||     9
       Buckler           |       |       |       |   143 |   332 |   530 ||  1005

Table legend:
 A = Spawn XP
 B = Non-spawn XP
 C = Spawn XP percentage of total XP
 D = Spawn monster count
 E = Non-spawn monster count
 F = Spawn count percentage of total count
 G = Total turns spent on level
                    A         B        C        D         E        F      G
               +---------+---------+-------+---------+---------+-------+---------
         Total |       0 |  270086 |   0.0 |       0 |     952 |   0.0 |  9972
               +---------+---------+-------+---------+---------+-------+---------
           D:1 |       0 |      16 |   0.0 |       0 |      13 |   0.0 |   396
           D:2 |       0 |       6 |   0.0 |       0 |       2 |   0.0 |    60
           D:3 |       0 |      65 |   0.0 |       0 |      13 |   0.0 |   201
           D:4 |       0 |      83 |   0.0 |       0 |       6 |   0.0 |   173
           D:5 |       0 |     439 |   0.0 |       0 |      19 |   0.0 |   285
           D:6 |       0 |    1333 |   0.0 |       0 |      15 |   0.0 |   537
           D:7 |       0 |     421 |   0.0 |       0 |      12 |   0.0 |   184
           D:8 |       0 |    3013 |   0.0 |       0 |      34 |   0.0 |   457
           D:9 |       0 |    2541 |   0.0 |       0 |      29 |   0.0 |   543
          D:10 |       0 |    4037 |   0.0 |       0 |      20 |   0.0 |   386
          D:11 |       0 |    3126 |   0.0 |       0 |       7 |   0.0 |   520
          D:12 |       0 |    1232 |   0.0 |       0 |       8 |   0.0 |   218
          D:13 |       0 |    5695 |   0.0 |       0 |      31 |   0.0 |   318
          D:14 |       0 |   11201 |   0.0 |       0 |      18 |   0.0 |   307
        Lair:1 |       0 |    4381 |   0.0 |       0 |      13 |   0.0 |   149
        Lair:2 |       0 |    6836 |   0.0 |       0 |      23 |   0.0 |   305
        Lair:3 |       0 |    7102 |   0.0 |       0 |      25 |   0.0 |   275
        Lair:4 |       0 |   13643 |   0.0 |       0 |      47 |   0.0 |   245
        Lair:5 |       0 |    5016 |   0.0 |       0 |      20 |   0.0 |   192
        Lair:6 |       0 |   11824 |   0.0 |       0 |      36 |   0.0 |   190
       Swamp:1 |       0 |    5841 |   0.0 |       0 |      10 |   0.0 |   125
       Swamp:2 |       0 |    7041 |   0.0 |       0 |      17 |   0.0 |   201
       Swamp:3 |       0 |    9333 |   0.0 |       0 |      14 |   0.0 |   158
       Swamp:4 |       0 |   21225 |   0.0 |       0 |      62 |   0.0 |   390
      Spider:1 |       0 |    8428 |   0.0 |       0 |      21 |   0.0 |   110
      Spider:2 |       0 |   13305 |   0.0 |       0 |      38 |   0.0 |   167
      Spider:3 |       0 |   19457 |   0.0 |       0 |      69 |   0.0 |   166
      Spider:4 |       0 |   35552 |   0.0 |       0 |      82 |   0.0 |   367
       Slime:1 |       0 |    5466 |   0.0 |       0 |       7 |   0.0 |    22
       Slime:3 |       0 |    9244 |   0.0 |       0 |      21 |   0.0 |    72
       Slime:4 |       0 |    4899 |   0.0 |       0 |      11 |   0.0 |    26
       Slime:5 |       0 |   32393 |   0.0 |       0 |      30 |   0.0 |   107
         Orc:1 |       0 |    2502 |   0.0 |       0 |      18 |   0.0 |   308
         Orc:2 |       0 |    8869 |   0.0 |       0 |      75 |   0.0 |   739
         Elf:1 |       0 |    1660 |   0.0 |       0 |       3 |   0.0 |    35
           Lab |       0 |    2141 |   0.0 |       0 |       6 |   0.0 |   387
         Sewer |       0 |     170 |   0.0 |       0 |      35 |   0.0 |   252
       Ossuary |       0 |      31 |   0.0 |       0 |      14 |   0.0 |   128
        Bailey |       0 |     519 |   0.0 |       0 |      28 |   0.0 |   150
               +---------+---------+-------+---------+---------+-------+---------

Table legend:
 A = Turns spent in this place as a percentage of turns spent in the entire game.
 B = Non-inter-level travel turns spent in this place as a percentage of non-inter-level travel turns spent in the entire game.
 C = Inter-level travel turns spent in this place as a percentage of turns spent in this place.
 D = Turns resting spent in this place as a percentage of non-inter-level travel turns spent in this place.
 E = Turns spent auto-exploring this place as a percentage of non-inter-level travel turns spent in this place.
 F = Non-inter-level travel turns spent in this place divided by the number of levels of this place that you've seen.
                   A       B       C       D       E      F
               +-------+-------+-------+-------+-------+----------------------
         Total | 100.0 | 100.0 |   3.3 |   0.1 |   0.0 | 229.6
       Dungeon |  46.0 |  46.0 |   3.3 |   0.1 |   0.0 | 295.9
        Temple |   1.1 |   1.1 |   0.0 |   0.0 |   0.0 | 108.0
          Lair |  13.6 |  14.1 |   0.0 |   0.0 |   0.0 | 226.0
         Swamp |   8.8 |   8.9 |   2.3 |   0.0 |   0.0 | 213.5
   Spider Nest |   8.1 |   8.4 |   0.0 |   0.0 |   0.0 | 202.5
    Slime Pits |   2.3 |   2.4 |   0.0 |   0.0 |   0.0 |  46.8
  Orcish Mines |  10.5 |   9.2 |  14.8 |   0.0 |   0.0 | 446.0
   Elven Halls |   0.4 |   0.4 |   0.0 |   0.0 |   0.0 |  35.0
     Labyrinth |   3.9 |   4.0 |   0.0 |   0.0 |   0.0 | 387.0
         Sewer |   2.5 |   2.6 |   0.0 |   0.0 |   0.0 | 252.0
       Ossuary |   1.3 |   1.3 |   0.0 |   0.0 |   0.0 | 128.0
        Bailey |   1.5 |   1.6 |   0.0 |   0.0 |   0.0 | 150.0
               +-------+-------+-------+-------+-------+----------------------

Table legend:
 A = Kills in this place as a percentage of kills in entire the game.
 B = Kills by you in this place as a percentage of kills by you in the entire game.
 C = Kills by friends in this place as a percentage of kills by friends in the entire game.
 D = Other kills in this place as a percentage of other kills in the entire game.
 E = Experience gained in this place as a percentage of experience gained in the entire game.
 F = Experience gained in this place divided by the number of levels of this place that you have seen.
                   A       B       C       D       E      F
               +-------+-------+-------+-------+-------+----------------------
         Total | 100.0 | 100.0 | 100.0 | 100.0 | 100.0 | 6430.6
       Dungeon |  23.8 |  25.2 |   8.5 |   0.0 |  12.3 | 2213.9
          Lair |  17.2 |  17.8 |  11.3 |   0.0 |  18.1 | 8133.7
         Swamp |  10.8 |  11.6 |   0.0 |  33.3 |  16.1 | 10860.0
   Spider Nest |  22.1 |  19.6 |  52.1 |  33.3 |  28.4 | 19185.5
    Slime Pits |   7.2 |   7.2 |   7.0 |  33.3 |  19.3 | 10400.4
  Orcish Mines |   9.8 |   9.6 |  12.7 |   0.0 |   4.2 | 5685.5
   Elven Halls |   0.3 |   0.3 |   0.0 |   0.0 |   0.6 | 1660.0
     Labyrinth |   0.6 |   0.7 |   0.0 |   0.0 |   0.8 | 2141.0
         Sewer |   3.7 |   4.0 |   0.0 |   0.0 |   0.1 | 170.0
       Ossuary |   1.5 |   1.6 |   0.0 |   0.0 |   0.0 |  31.0
        Bailey |   2.9 |   2.5 |   8.5 |   0.0 |   0.2 | 519.0
               +-------+-------+-------+-------+-------+----------------------

Vault maps used:
D:1:      minmay_arrival_widening_spiral_wide
D:2:      cheibrodos_pilgrimage, vehumet_crystals, kiku_gazebo_garden_becter,
          uniq_jessica
D:3:      gup_sewer_entry_glass
D:4:      nicolae_ru_path_of_blood, serial_shops, nicolae_shop_stone,
          first_ration, nicolae_ossuary_entry_giza, evilmike_ruin_ashenzari
D:5:      kennysheep_mini, grunt_temple_overflow_open, serial_shops,
          kennysheep_mini_moat, shop, shop_fountains, shop_statue,
          nicolae_shop_overgrown_old_shop
D:6:      minmay_temple_entry_statues_pillars
D:7:      minmay_thick_lines, overflow_temple_1_default, serial_shops,
          nicolae_shop_window_shopping,
          nicolae_shop_temple_entry_statues_fountains, shop, shop_statue, shop
D:8:      uniq_prince_ribbit1, uniq_pikel
D:9:      lemuel_crystal_altar, erik_lair_dragon, grunt_pizzeria
D:10:     nicolae_tso_carved_into_rock, uniq_harold
D:11:     jmf_multi_god_temple2
D:12:     orc_0_dummy, lab_entry_generic, basic_altar
D:13:     enter_bailey_2, grunt_ministairs_10
D:14:     grunt_vaults_entry_fortified, elyvilon_altar_1, trog_wizard,
          uniq_roxanne, uniq_frances
D:15:     hangedman_slaughterboxes, serial_shops, uniq_josephine
Temple:   minmay_temple_curvy_loop
Lair:1:   fungi_pond_lemuel, serial_bayou_pond_a, minivault_25, st_stairs_6,
          grunt_megastairs_2
Lair:2:   minmay_swamp_entry_worms, hibernation_bobbens, uniq_urug
Lair:3:   grunt_forest_stairs_basic
Lair:4:   spider_nest_entry_a, bobbens_dragon_lair_wall
Lair:5:   minmay_lair_oklob_bushes, lemuel_fruit_tree
Lair:6:   due_jungle_book, minmay_slime_entry_pillars
Swamp:1:  evilmike_swamp_ruin_wall, swamp_pool1, uniq_kirke
Swamp:2:  nicolae_swamp_round_clearing, swamp_pool1,
          nicolae_swamp_very_dense_foliage
Swamp:3:  gammafunk_its_a_trap, evilmike_swamp_ruin_rubble_1, swamp_pool4
Swamp:4:  swamp_icy, infiniplex_staircase_pool_2, uniq_aizul
Spider:1: minivault_29
Spider:2: nicolae_spider_shape, nicolae_spider_cling_ruins
Spider:4: spider_rune_water
Slime:1:  cheibrodos_slime_lost_civilization_10
Slime:3:  basic_altar
Orc:2:    kennysheep_orc_mage_school, basic_altar, okawaru_metal_pillars_1_2
Elf:1:    eino_elf_arrival_altar, minmay_elf_demonology, uniq_agnes
Lab:      labyrinth_baited_teleportation_trap, nicolae_lab_flowing_pool,
          labyrinth_glass_2, nicolae_lab_lava, nicolae_lab_checkerboard,
          nicolae_lab_starburst, labyrinth_glass_1
Sewer:    sewer_sea
Ossuary:  ossuary_due_mausoleum
Bailey:   bailey_axe_1, bailey
